 Dungeon Crawl Stone Soup version 0.18.1-8-gdd0e5ea (webtiles) character file.

1498 Metae the Skirmisher (level 8, -2/74 HPs)
             Began as a Minotaur Fighter on June 7, 2016.
             Was an Initiate of Pakellas.
             Slain by an orc warrior
             ... wielding a +0 glaive
              (15 damage)
             ... on level 6 of the Dungeon.
             The game lasted 00:39:52 (7948 turns).

Metae the Skirmisher (Minotaur Fighter)             Turns: 7948, Time: 00:39:53

Health: -2/74      AC: 11    Str: 22    XL:     8   Next: 52%
Magic:  8/8        EV:  7    Int:  6    God:    Pakellas [......]
Gold:   260        SH: 10    Dex: 10    Spells: 0 memorised, 8 levels left

rFire  . . .     SeeInvis .     a - +0 war axe
rCold  . . .     Gourm    .     p - +1 chain mail
rNeg   . . .     Faith    .     c - +0 shield
rPois  .         Spirit   .     (helmet restricted)
rElec  .         Dismiss  .     (no cloak)
rCorr  .         Reflect  .     (no gloves)
SustAt .         Harm     .     (no boots)
MR     .....                    (no amulet)
Stlth  ..........               (no ring)
                                (no ring)

@: slowed, very slow, not resistant to hostile enchantments, extremely
unstealthy
A: retaliatory headbutt, horns 2
a: Renounce Religion


You were on level 6 of the Dungeon.
You worshipped Pakellas.
Pakellas was noncommittal.
You were not hungry.

You visited 2 branches of the dungeon, and saw 7 of its levels.

You collected 260 gold pieces.

Inventory:

Hand Weapons
 a - a +0 war axe (weapon)
 h - a +0 dagger of venom
 v - a +0 morningstar
 z - a +0 shortbow
Missiles
 w - 8 tomahawks (quivered)
Armour
 b - a +0 scale mail
 c - a +0 shield (worn)
 p - a +1 chain mail (worn)
 s - a +0 ring mail
Scrolls
 e - 4 scrolls of teleportation
 g - a scroll of brand weapon {unknown}
 j - a scroll of enchant weapon {unknown}
 l - a scroll of remove curse {unknown}
 n - 5 scrolls of identify
 o - a scroll of magic mapping
 t - a scroll of noise {unknown}
 x - a scroll of amnesia {unknown}
Potions
 m - 2 potions of mutation {unknown}
 q - a potion of cure mutation {unknown}
 u - a potion of curing
 C - 2 potions of invisibility {unknown}
Books
 B - a book of Geomancy

   Spells                             Type                      Level
   a - Sandblast                      Earth                        1
   b - Passwall                       Transmutation/Earth          2
   c - Stone Arrow                    Conjuration/Earth            3
   d - Petrify                        Transmutation/Earth          4
   e - Lee's Rapid Deconstruction     Earth                        5
Comestibles
 d - 4 fruits
 f - 4 bread rations
 i - 2 meat rations
 k - 2 royal jellies
 A - a beef jerky
 D - 3 chunks of flesh


   Skills:
 * Level 7.8 Fighting
 + Level 5.2 Axes
 * Level 7.6 Armour
 + Level 3.9 Dodging
 + Level 5.9 Shields
 + Level 0.8 Spellcasting


You had 8 spell levels left.
You didn't know any spells.

Dungeon Overview and Level Annotations

Branches:
Dungeon (6/15)             Temple (1/1) D:5

Altars:
Dithmenos
Pakellas
Qazlal
Vehumet

Annotations:
D:4 Gagarin's ghost, novice KoAs


Innate Abilities, Weirdness & Mutations

You reflexively headbutt those who attack you in melee.
You have a pair of horns on your head.


Message History

The orc wizard gestures at you while chanting.
You feel yourself slow down.
The orc wizard gestures at you while chanting.
The magic dart hits you!
* * * LOW HITPOINT WARNING * * *
You block the orc wizard's attack.
The orc wizard hits you but does no damage.
You block the orc wizard's attack. x2
You closely miss the orc wizard.
You headbutt the orc wizard, but do no damage.
The orc wizard is lightly wounded.
You block the orc wizard's attack.
The orc wizard hits you but does no damage.
You block the orc wizard's attack.
You hit the orc wizard.
The orc wizard is lightly wounded.
You block the orc wizard's attack. x3
The orc warrior hits you from afar with a glaive!
You die...
Pakellas says: Time to start the next experiment...

#.##...# #.##o###.
#.####.# #.##..))#
#....#.# #.######o
####.#.# #o# ## #.#.#
#.# #
#.#.#########o#######
#............))..รท...
####o########o######.
#@.oa...o..# ##
############ # #


You could see an orc warrior, a worker ant, an orc wizard and an orc.

Vanquished Creatures
  An orc warrior (D:6)
  5 ogres
  A phantom (D:5)
  A centaur (D:5)
  A crimson imp (D:5)
  A jelly (D:5)
  A giant frog skeleton (D:3)
  4 orc priests
  4 hounds
  4 orc wizards
  An iguana (D:3)
  3 worker ants
  A hound zombie (D:5)
  5 gnolls
  7 adders
  A shadow imp (D:5)
  3 oozes
  A worm (D:3)
  3 giant geckos
  22 orcs
  A ball python (D:1)
  4 giant cockroaches
  9 goblins
  10 hobgoblins
  3 jackals (D:2)
  6 quokkas
  12 bats
  A giant cockroach zombie (D:5)
  A giant gecko skeleton (D:4)
  8 giant newts
  2 jackal skeletons
  8 kobolds
  A quokka zombie (D:5)
  12 rats
148 creatures vanquished.

Notes
Turn   | Place    | Note
--------------------------------------------------------------
     0 | D:1      | Metae the Minotaur Fighter began the quest for the Orb.
     0 | D:1      | Reached XP level 1. HP: 19/19 MP: 0/0
   175 | D:1      | Reached XP level 2. HP: 26/27 MP: 1/1
   926 | D:2      | Reached XP level 3. HP: 33/33 MP: 2/2
  1662 | D:2      | Reached skill level 1 in Dodging
  1908 | D:2      | Reached XP level 4. HP: 39/40 MP: 3/3
  2868 | D:3      | Reached XP level 5. HP: 47/47 MP: 4/4
  3343 | D:4      | Noticed Gagarin's ghost (novice KoAs)
  3938 | D:3      | Reached skill level 5 in Fighting
  3938 | D:3      | Reached skill level 5 in Armour
  4085 | D:4      | Reached XP level 6. HP: 40/56 MP: 5/5
  4102 | D:4      | Reached skill level 5 in Shields
  5764 | D:5      | Entered Level 5 of the Dungeon
  5970 | D:5      | Reached XP level 7. HP: 62/62 MP: 6/6
  7147 | D:5      | Reached XP level 8. HP: 64/71 MP: 7/7
  7509 | D:5      | Found a staircase to the Ecumenical Temple.
  7557 | Temple   | Entered the Ecumenical Temple
  7571 | Temple   | Became a worshipper of Pakellas the Inventive
  7695 | D:6      | Reached skill level 5 in Axes
  7948 | D:6      | Slain by an orc warrior

Skill      XL: |  1  2  3  4  5  6  7  8 |
---------------+-------------------------+-----
Fighting       | 4 5 6 7 |  7.8
Shields        | 4 5 |  5.9
Armour         | 4 5 7 |  7.6
Dodging        | 1 2 3 |  3.9
Axes           | 3 4 5 |  5.2
Spellcasting   | |  0.8

Action                   |  1- 3 |  4- 6 |  7- 9 || total
-------------------------+-------+-------+-------++-------
Melee: War axe           |   106 |   482 |   136 ||   724
       Headbutt          |    13 |    39 |    32 ||    84
       Dagger            |       |    15 |       ||    15
  Use: Scroll            |       |     7 |       ||     7
       Potion            |       |     2 |     3 ||     5
  Eat: Chunk             |     2 |     4 |     1 ||     7
       Meat ration       |     1 |     1 |       ||     2
       Pizza             |       |     1 |       ||     1
       Bread ration      |       |       |     2 ||     2
Armor: Scale mail        |    50 |       |       ||    50
       Chain mail        |    28 |   315 |    60 ||   403
Dodge: Dodged            |    31 |    90 |    48 ||   169
Block: Shield            |    87 |   255 |    81 ||   423
